AoeStats
← Itz VJ

Arabia

509912088Analyzed
2v2 RM · 5d ago on Sep 28, 2026· 44m 25s· 4 players
Game mode
Random Map
Map size
Medium (4 player)
Population
200
Speed
Normal
Resources
Standard
Victory
Conquest
Starting age
Dark Age
Ending age
Imperial Age
RankedLock teamsTeams togetherTeam positionsShared explorationLock speedFull tech treeHidden civsTurbo modeCheats
Victory
Defeat
🇮🇳 Magyars · India
1179
+15
🇮🇳 Huns · India
1178
+14
🇵🇪 Khmer · Peru
1164
-15
🇪🇸 Mongols · Spain
1138
-14
Ill Barbaro
13:15 Feudal Age
12:27 Loom
17:36 Scale Barding Armor
17:43 Forging
23:58 Castle Age
23:17 Scale Barding Armor
24:36 Bloodlines
26:29 Iron Casting
30:40 Double-Bit Axe
35:11 Elite Skirmisher
37:34 Padded Archer Armor
41:07 Leather Archer Armor
41:06 Fletching
P_ariss
7:26 Loom
10:12 Feudal Age
11:12 Double-Bit Axe
13:55 Bloodlines
21:04 Castle Age
20:58 Gold Mining
21:36 Forging
24:08 Iron Casting
26:54 Horse Collar
28:30 Town Watch
30:59 Fletching
32:09 Wheelbarrow
35:28 Imperial Age
37:12 Blast Furnace
36:17 Cavalier
40:19 Chemistry
39:40 Ballistics
41:43 Conscription
gane
5:06 Loom
8:48 Feudal Age
9:19 Double-Bit Axe
13:55 Horse Collar
17:46 Wheelbarrow
20:49 Castle Age
19:14 Fletching
19:25 Padded Archer Armor
20:12 Gold Mining
21:38 Bodkin Arrow
21:54 Bow Saw
23:00 Bloodlines
22:50 Husbandry
25:12 Ballistics
26:59 Thumb Ring
27:19 Stone Mining
38:42 Imperial Age
36:31 Pikeman
37:41 Squires
37:57 Leather Archer Armor
39:51 Parthian Tactics
39:28 Bracer
40:38 Chemistry
41:07 Heavy Cavalry Archer
42:16 Halberdier
Itz VJ
4:52 Loom
9:30 Feudal Age
10:14 Double-Bit Axe
15:57 Wheelbarrow
21:38 Castle Age
20:54 Scale Barding Armor
21:21 Gold Mining
21:53 Pikeman
22:37 Scale Mail Armor
25:31 Chain Mail Armor
27:26 Hand Cart
27:37 Bow Saw
27:45 Husbandry
27:58 Bloodlines
28:38 Horse Collar
29:38 Heavy Plow
31:17 Chain Barding Armor
37:54 Imperial Age
35:46 Arson
36:44 Stone Mining
37:29 Gold Shaft Mining
38:20 Cavalier
40:06 Plate Barding Armor
40:06 Man-at-Arms
40:09 Halberdier
41:10 Paladin
43:22 Paladin
Connection lost

Rejoining the realm…

Still unreachable

The connection could not be restored.

Session expired

The server has moved on; the page needs a fresh start.